[Event "Titled Tuesday Blitz January 17 Late 2023"]
[White "TheKnightOfBosnia"]
[Black "Kaganskiy, Gleb"]
[BlackFideId "4132025"]
[WhiteElo "2530"]
[BlackElo "2205"]
[Result "1-0"]
[Round "09"]
[TimeControl "180+2"]
[Date "2023.01.17"]
[WhiteClock "0:01:30"]
[BlackClock "0:00:45"]

1. e4 e6 2. d4 d5 3. Nd2 c5 4. Ngf3 cxd4 5. exd5 Qxd5 6. Bc4 Qd6 7. O-O Nc6 8. Nb3 Nf6 9. Nbxd4 Nxd4 10. Nxd4 Be7 11. Re1 O-O 12. c3 Qc7 13. Qe2 a6 14. a4 b6 15. Bg5 h6 16. Bh4 Rd8 17. Bxe6 fxe6 18. Nxe6 Bxe6 19. Qxe6+ Kf8 20. Bg3 Qd7 21. Qxb6 Bd6 22. Rad1 Bxg3 23. Rxd7 Bxf2+ 24. Qxf2 Rxd7 25. h3 Rad8 26. Re6 Kg8 27. Rxa6 Rd2 28. Qf3 Rxb2 29. Ra8 Rd2 30. Rxd8+ Rxd8 31. a5 Nd5 32. c4 Nb4 33. c5 Rf8 34. Qb3+ Rf7 35. Qxb4 1-0


[Site "https://www.chess.com"]

[Event "Titled Tuesday Blitz January 17 Late 2023"]
[White "Kostiukov, Alexandr"]
[Black "Ansh M Shah"]
[WhiteFideId "14108100"]
[BlackFideId "25033379"]
[WhiteElo "2271"]
[BlackElo "2171"]
[Result "1-0"]
[Round "09"]
[TimeControl "180+2"]
[Date "2023.01.17"]
[WhiteClock "0:00:06"]
[BlackClock "0:00:10"]

1. g3 Nf6 2. Bg2 e6 3. d3 d5 4. e4 dxe4 5. dxe4 Qxd1+ 6. Kxd1 Bc5 7. f3 b6 8. Nd2 Bb7 9. Nb3 Be7 10. Be3 c5 11. Nd2 Nc6 12. c3 O-O-O 13. Kc2 Ne5 14. Nh3 h6 15. Nf2 Ba6 16. Bf1 Bb7 17. Bg2 Ba6 18. Bf1 Bxf1 19. Rhxf1 Rd7 20. h3 Rhd8 21. f4 Nc6 22. Nc4 Nh5 23. Rg1 Nf6 24. a4 Kc7 25. g4 Ne8 26. Rgd1 Rxd1 27. Nxd1 Nd6 28. Nxd6 Bxd6 29. Nf2 Na5 30. b3 Nc6 31. Rd1 Be7 32. Rg1 Bh4 33. Nd3 Rd7 34. g5 hxg5 35. fxg5 g6 36. Bf4+ e5 37. Nxe5 Nxe5 38. Bxe5+ Kc6 39. Bf6 Bf2 40. Rg2 Be3 41. Re2 Bf4 42. b4 cxb4 43. cxb4 b5 44. a5 Bd6 45. Kc3 Rc7 46. e5 Kd7+ 47. Kb3 Be7 48. Rd2+ Ke6 49. Re2 Bxf6 50. exf6+ Kf5 51. Rg2 Rd7 52. Kc3 Rc7+ 53. Kd4 Rd7+ 54. Kc5 a6 55. Kb6 Rd6+ 56. Kc7 Re6 57. h4 Re4 58. Kb7 Rxb4 59. Kxa6 Rxh4 60. Kb7 Ra4 61. a6 b4 62. a7 b3 63. a8=Q Rxa8 64. Kxa8 b2 65. Rxb2 Kxg5 66. Rf2 Kh4 67. Kb7 g5 68. Kc6 g4 69. Kd7 g3 70. Ra2 Kg5 71. Ke7 Kg6 72. Rg2 Kf5 73. Rxg3 Ke5 74. Rg7 Kf5 75. Rxf7 Kg6 76. Rf8 Kh7 77. Ra8 Kg6 78. f7 Kf5 79. f8=Q+ Kg6 80. Ra6+ Kh5 81. Qf5+ Kh4 82. Rh6+ Kg3 83. Rh3+ Kg2 84. Qf3+ Kg1 85. Rh1# 1-0


[Site "https://www.chess.com"]

[Event "Titled Tuesday Blitz January 17 Late 2023"]
[White "Sukandar, Irine Kharisma"]
[Black "Hoffmann, Asa"]
[WhiteFideId "7101937"]
[BlackFideId "2001470"]
[WhiteElo "2390"]
[BlackElo "2185"]
[Result "1-0"]
[Round "09"]
[TimeControl "180+2"]
[Date "2023.01.17"]
[WhiteClock "0:00:11"]
[BlackClock "0:00:12"]

1. d4 Nf6 2. Bf4 d6 3. Nc3 c6 4. e4 Qa5 5. Qd2 e5 6. Bg3 Nbd7 7. Nf3 b5 8. Bd3 Qc7 9. O-O a6 10. a4 b4 11. Ne2 a5 12. c3 c5 13. dxe5 dxe5 14. cxb4 c4 15. Rfc1 Bxb4 16. Qg5 Ba6 17. Nxe5 O-O 18. Bxc4 Bxc4 19. Rxc4 Qb6 20. Nxd7 Nxd7 21. Nf4 h6 22. Qf5 Nf6 23. e5 Nh7 24. Nd5 Qa6 25. Rg4 Qe6 26. Qxe6 fxe6 27. Nc7 Rac8 28. Nxe6 Rf7 29. h4 Rc2 30. Rd1 Nf8 31. Nd8 Rd7 32. Rxd7 Nxd7 33. Ne6 Bf8 34. Nxf8 Nxf8 35. b4 axb4 36. Rxb4 Rc1+ 37. Kh2 Ra1 38. Rb8 Kf7 39. Rb7+ Kg8 40. Ra7 Ne6 41. h5 Ng5 42. Bf4 Ne6 43. Be3 Ng5 44. Bxg5 hxg5 45. e6 Kf8 46. a5 Ra4 47. Kg3 Kg8 48. Ra8+ Kh7 49. e7 Re4 50. e8=Q 1-0


[Site "https://www.chess.com"]

[Event "Titled Tuesday Blitz January 17 Late 2023"]
[White "Perez Perez, Gabriel"]
[Black "Kovacs, Klara"]
[WhiteFideId "32089147"]
[BlackFideId "733210"]
[WhiteElo "2185"]
[BlackElo "2121"]
[Result "1/2-1/2"]
[Round "09"]
[TimeControl "180+2"]
[Date "2023.01.17"]
[WhiteClock "0:00:03"]
[BlackClock "0:00:08"]

1. e4 e6 2. b3 d5 3. Bb2 dxe4 4. Qe2 Nf6 5. Nc3 Bb4 6. O-O-O O-O 7. Nxe4 Nd5 8. Kb1 Nc6 9. g4 e5 10. h4 Nd4 11. Bxd4 exd4 12. Qf3 f5 13. gxf5 Bxf5 14. Bh3 Bxh3 15. Qxh3 Qc8 16. Qd3 c5 17. c3 Ba5 18. Qc4 Qf5 19. f3 Kh8 20. Ne2 dxc3 21. dxc3 Ne3 22. Ng3 Nxc4 23. Nxf5 Rxf5 24. bxc4 Rxf3 25. Nxc5 b6 26. Nb3 Bxc3 27. Rd7 Bf6 28. h5 h6 29. Rhd1 Rf5 30. R1d5 Rf1+ 31. Kc2 Rf2+ 32. Nd2 Rc8 33. Kb3 Rh2 34. Ne4 Rh3+ 35. Rd3 Rxd3+ 36. Rxd3 Be5 37. Rd5 Ba1 38. Nd6 Rc5 39. Rd1 Bf6 40. Ne4 Rf5 41. Rd7 Rxh5 42. Nxf6 gxf6 43. Rxa7 b5 44. Rf7 bxc4+ 45. Kxc4 Ra5 46. Rxf6 Rxa2 47. Rxh6+ Kg7 48. Rc6 1/2-1/2


[Site "https://www.chess.com"]

[Event "Titled Tuesday Blitz January 17 Late 2023"]
[White "Slovineanu, Viacheslav"]
[Black "Kozin, Yuri"]
[WhiteFideId "13900510"]
[BlackFideId "4129920"]
[WhiteElo "2412"]
[BlackElo "2251"]
[Result "1-0"]
[Round "09"]
[TimeControl "180+2"]
[Date "2023.01.17"]
[WhiteClock "0:00:04"]
[BlackClock "0:00:02"]

1. d4 d5 2. Nf3 Nf6 3. c4 c6 4. e3 Bf5 5. Nc3 e6 6. Nh4 Be4 7. f3 Bg6 8. Qb3 Qc7 9. Bd2 Nbd7 10. O-O-O Be7 11. Nxg6 hxg6 12. cxd5 Nxd5 13. e4 Nxc3 14. Bxc3 O-O 15. Kb1 a5 16. h4 a4 17. Qc2 b5 18. Bd2 b4 19. Qc1 Qb6 20. Be3 c5 21. Bc4 cxd4 22. Bxd4 Bc5 23. Bxg7 Kxg7 24. Rxd7 Be3 25. Qc2 b3 26. axb3 axb3 27. Qxb3 Qa5 28. Qc3+ Qxc3 29. bxc3 Kf6 30. Kc2 Ra3 31. Kd3 Bf4 32. Rb1 Be5 33. Rb3 Ra2 34. g4 Rf2 35. g5+ Kg7 36. Bxe6 Rxf3+ 37. Kc4 Rc8+ 38. Kd5 Bxc3 39. Rxf7+ Rxf7 40. Bxc8 Be1 41. e5 Bxh4 42. e6 Re7 43. Kd6 Bxg5 44. Rb5 Bf6 45. Rb4 g5 46. Rb3 Re8 47. Bd7 Re7 48. Rf3 Kg6 49. Rf1 g4 50. Bc6 Bh4 51. Rg1 Kh5 52. Be4 g3 53. Rh1 Re8 54. Kd7 Re7+ 55. Kd6 Re8 56. Bf3+ Kg5 57. Kd7 Rg8 58. e7 Rg7 59. Kd8 Kf4 60. Rxh4+ Kxf3 61. e8=Q g2 62. Rh3+ Kf2 63. Qe3+ Kf1 64. Rf3# 1-0


[Site "https://www.chess.com"]

[Event "Titled Tuesday Blitz January 17 Late 2023"]
[White "Gavilan Diaz, Mario"]
[Black "Vaglio Munoz, Jaime"]
[WhiteFideId "2260905"]
[BlackFideId "6500145"]
[WhiteElo "2271"]
[BlackElo "2174"]
[Result "0-1"]
[Round "09"]
[TimeControl "180+2"]
[Date "2023.01.17"]
[WhiteClock "0:00:01"]
[BlackClock "0:00:08"]

1. d4 c6 2. c4 b5 3. cxb5 cxb5 4. e4 Bb7 5. Bd3 Nf6 6. f3 a6 7. a4 b4 8. Ne2 d6 9. O-O Nbd7 10. a5 e5 11. Be3 Be7 12. Nd2 O-O 13. d5 Nc5 14. Bxc5 dxc5 15. Nc4 Nd7 16. Bc2 Bg5 17. Ba4 f6 18. Bxd7 Qxd7 19. Nb6 Qb5 20. Nxa8 Rxa8 21. b3 Be3+ 22. Kh1 Bc8 23. Qc2 g6 24. Qc4 Bd7 25. g3 Kg7 26. Kg2 Qb7 27. Qc2 Bb5 28. Rfe1 Rc8 29. Nc1 Bd4 30. Rb1 c4 31. bxc4 Rxc4 32. Qd1 Qc7 33. Nd3 Rc2+ 34. Re2 Rxe2+ 35. Qxe2 Qc3 36. Rd1 b3 37. Qd2 Qxd2+ 38. Rxd2 Bc3 39. Rd1 Bxa5 40. d6 Kf7 41. d7 Ke7 42. Nc5 b2 43. Nb7 b1=Q 44. Rxb1 Bb6 45. Rd1 Bxd7 46. Nd6 Bd4 47. Nc4 Ba4 48. Rc1 Bb5 49. Na5 Kd7 50. Nb3 Bb6 51. Nc5+ Ke7 52. Nb3 Kd7 53. Nd2 f5 54. Nc4 Bd4 55. Na3 Bc6 0-1


[Site "https://www.chess.com"]

[Event "Titled Tuesday Blitz January 17 Late 2023"]
[White "Kaplan, Avi Harrison"]
[Black "Van Dael, Siem"]
[WhiteFideId "30934559"]
[BlackFideId "1049771"]
[WhiteElo "2146"]
[BlackElo "2319"]
[Result "0-1"]
[Round "09"]
[TimeControl "180+2"]
[Date "2023.01.17"]
[WhiteClock "0:00:04"]
[BlackClock "0:00:03"]

1. d4 Nf6 2. Nc3 d5 3. Bf4 Bf5 4. Nb5 Na6 5. e3 c6 6. Nc3 Nc7 7. Nf3 Ne6 8. Bg3 g5 9. Ne5 Bg7 10. Be2 Ne4 11. Nxe4 Bxe4 12. h4 h6 13. Bh5 Bxe5 14. Bxe5 Rg8 15. hxg5 hxg5 16. f3 Bg6 17. Bxg6 Rxg6 18. Rh8+ Nf8 19. f4 gxf4 20. Qh5 e6 21. Bxf4 Qa5+ 22. c3 O-O-O 23. Qe5 Nd7 24. Rxd8+ Qxd8 25. Qh5 Rxg2 26. O-O-O Qg8 27. Rh1 Rg1+ 28. Rxg1 Qxg1+ 29. Kd2 Qg2+ 30. Kc1 Qg8 31. Bh2 b6 32. Qh4 f6 33. Qf4 e5 34. dxe5 fxe5 35. Qf5 Qe8 36. Kc2 Kb7 37. b3 a5 38. Kb2 Nc5 39. Kc2 e4 40. Qf4 Qd8 41. Qf7+ Qd7 42. Qg8 Na6 43. b4 axb4 44. cxb4 Nxb4+ 45. Kb3 Na6 46. a4 c5 47. Ka3 c4 48. Qf8 c3 49. Be5 c2 50. Kb2 c1=Q+ 51. Kxc1 Qc8+ 52. Qxc8+ Kxc8 53. Kd2 Nc5 54. Kc3 Kd7 55. Kb4 Kc6 56. Bd4 Nd3+ 57. Kc3 Nc5 58. Kb4 Ne6 59. Be5 Nc7 60. Bd4 Ne8 61. Be5 Nd6 62. Bd4 Nc4 63. Kc3 Kb7 64. Kb4 Ka6 65. Kc3 Ka5 66. Kb3 Nd2+ 67. Ka3 Nf3 68. Bg7 Ka6 69. Bf6 Ne1 70. Kb3 Ng2 71. Bd4 Nh4 72. Kb4 Nf5 73. Be5 Nxe3 74. Bf4 Nc4 75. Kc3 Ka5 76. Kd4 Kxa4 77. Kxd5 b5 78. Kxe4 b4 79. Kd3 b3 80. Kc3 b2 81. Kc2 Ka3 82. Kb1 Kb3 83. Bd6 Nd2# 0-1


[Site "https://www.chess.com"]

[Event "Titled Tuesday Blitz January 17 Late 2023"]
[White "Desideri, Ricardo Maruchi"]
[Black "Hajiyev, Kanan"]
[WhiteFideId "2110440"]
[BlackFideId "13404148"]
[WhiteElo "1959"]
[BlackElo "2197"]
[Result "0-1"]
[Round "09"]
[TimeControl "180+2"]
[Date "2023.01.17"]
[WhiteClock "0:00:01"]
[BlackClock "0:00:17"]

1. e4 c6 2. d4 d5 3. e5 a6 4. c4 Bf5 5. Nc3 e6 6. h4 h5 7. Bd3 Ne7 8. Nge2 Nd7 9. c5 b6 10. b4 a5 11. bxa5 bxc5 12. f4 c4 13. Bc2 Bxc2 14. Qxc2 Nf5 15. Qa4 Ra6 16. Rb1 Nxh4 17. O-O Be7 18. Ng3 g6 19. Ba3 Qxa5 20. Qxa5 Rxa5 21. Bxe7 Kxe7 22. Rb7 Rha8 23. Rfb1 R8a7 24. a4 Kd8 25. Kf2 Kc8 26. R7b2 Kc7 27. Kg1 R5a6 28. Kf2 Rb6 29. Nge2 Rxb2 30. Rxb2 Nb6 31. Rb4 Ra5 32. g3 Nf5 33. Kf3 Ra8 34. Kf2 Ne7 35. Kf3 Nec8 36. g4 hxg4+ 37. Kxg4 Na7 38. Kg5 Nd7 0-1


[Site "https://www.chess.com"]

[Event "Titled Tuesday Blitz January 17 Late 2023"]
[White "Korchmar, Vasiliy"]
[Black "Fishbein, Mitch"]
[WhiteFideId "24131750"]
[BlackFideId "30922917"]
[WhiteElo "2438"]
[BlackElo "2120"]
[Result "1-0"]
[Round "09"]
[TimeControl "180+2"]
[Date "2023.01.17"]
[WhiteClock "0:00:04"]
[BlackClock "0:00:04"]

1. d4 Nf6 2. c4 g6 3. Nc3 Bg7 4. e4 O-O 5. Nf3 d6 6. Be2 e5 7. Be3 Qe7 8. O-O exd4 9. Nxd4 c6 10. f3 d5 11. cxd5 Nxd5 12. Nxd5 cxd5 13. Nb3 b6 14. Qxd5 Bb7 15. Qd2 Nd7 16. Rad1 Rad8 17. Qd6 Qxd6 18. Rxd6 Ne5 19. Rxd8 Rxd8 20. Rc1 Nd3 21. Rd1 Ba6 22. Nc1 Bxb2 23. Nxd3 Bd4 24. Bxd4 Rxd4 25. Kf2 Ra4 26. Rd2 Kg7 27. Ke3 Ra3 28. Kd4 Kf6 29. f4 Ra4+ 30. Ke3 Bb7 31. e5+ Kf5 32. Bf3 Bxf3 33. Kxf3 h5 34. g3 b5 35. h3 Ra3 36. g4+ hxg4+ 37. hxg4+ Ke6 38. Ke4 Ra4+ 39. Ke3 Ra3 40. Kd4 a6 41. Nc5+ Ke7 42. Ke4 Rg3 43. g5 Ra3 44. Rd7+ Ke8 45. Ra7 Rxa2 46. Kd5 Rd2+ 47. Kc6 Rd4 48. Nxa6 Rxf4 49. Nc7+ Kf8 50. Nd5 Rf5 51. Ra8+ Kg7 52. Nf6 Rxg5 53. Rg8+ Kh6 54. Rh8+ Kg7 55. Rh7+ Kf8 56. Rh8+ Kg7 57. Rh7+ Kf8 58. Kd6 b4 59. Rh4 Rf5 60. Rxb4 g5 61. Nh5 Kg8 62. Ng3 Rf4 63. Rxf4 gxf4 64. Ne4 f3 65. Ke7 Kg7 66. Ng3 f2 67. Nf1 Kg6 68. Ne3 Kg7 69. Nf5+ Kg6 70. Ng3 Kg7 71. Ke8 Kg6 72. Kf8 1-0


[Site "https://www.chess.com"]

[Event "Titled Tuesday Blitz January 17 Late 2023"]
[White "Sanchez, Robert"]
[Black "Berezin, Viktor"]
[WhiteFideId "2034360"]
[BlackFideId "14107872"]
[WhiteElo "1966"]
[BlackElo "2307"]
[Result "0-1"]
[Round "09"]
[TimeControl "180+2"]
[Date "2023.01.17"]
[WhiteClock "0:00:17"]
[BlackClock "0:00:54"]

1. e4 g6 2. d4 Bg7 3. Nc3 d6 4. Be3 Nf6 5. f3 O-O 6. Qd2 c6 7. O-O-O b5 8. h4 h5 9. Bh6 Qa5 10. Kb1 b4 11. Nce2 e5 12. Bxg7 Kxg7 13. Nh3 exd4 14. Nxd4 Rd8 15. Ng5 c5 16. Nb3 Qc7 17. e5 Ne8 18. exd6 Rxd6 19. Qe1 Rxd1+ 20. Qxd1 c4 21. Qd4+ f6 22. Bxc4 Nc6 23. Qe4 Nd6 24. Ne6+ Bxe6 25. Qxe6 Re8 26. Qd5 Ne7 27. Qe6 Nef5 28. Qd5 Qxc4 29. Qd2 Re2 30. Qd1 Ne3 31. Qc1 0-1


[Site "https://www.chess.com"]

[Event "Titled Tuesday Blitz January 17 Late 2023"]
[White "Winterberg, Lukas"]
[Black "Garcia Almaguer, Juan Manuel"]
[WhiteFideId "24622702"]
[BlackFideId "5110491"]
[WhiteElo "2402"]
[BlackElo "2090"]
[Result "0-1"]
[Round "09"]
[TimeControl "180+2"]
[Date "2023.01.17"]
[WhiteClock "0:00:20"]
[BlackClock "0:00:14"]

1. Nc3 Nf6 2. d4 e6 3. Bf4 Bb4 4. Nf3 Bxc3+ 5. bxc3 Ne4 6. e3 O-O 7. Bd3 f5 8. c4 d6 9. Bg3 Nd7 10. Bh4 Ndf6 11. Nd2 g5 12. Bxe4 gxh4 13. Bd3 c5 14. c3 Bd7 15. Nf3 Ne4 16. Bxe4 fxe4 17. Nd2 Qg5 18. O-O Bc6 19. Qe2 h3 20. g3 Rf7 21. f4 exf3 22. Nxf3 Qh5 23. d5 exd5 24. Nd4 Qxe2 25. Nxe2 dxc4 26. Nf4 Re8 27. Kf2 d5 28. Rad1 b5 29. Rfe1 b4 30. cxb4 cxb4 31. Kg1 Rxf4 32. gxf4 Kf7 33. e4 dxe4 34. Rd4 e3 35. Rxc4 Rg8+ 36. Kf1 Bb5 37. Rc1 Rc8 38. Ke2 Rxc4 0-1


[Site "https://www.chess.com"]

[Event "Titled Tuesday Blitz January 17 Late 2023"]
[White "Gasparyan, David"]
[Black "Bambino Filho, Antonio Carlos"]
[WhiteFideId "13311980"]
[BlackFideId "2113163"]
[WhiteElo "2142"]
[BlackElo "2144"]
[Result "0-1"]
[Round "09"]
[TimeControl "180+2"]
[Date "2023.01.17"]
[WhiteClock "0:00:05"]
[BlackClock "0:00:18"]

1. Nf3 c5 2. c4 Nc6 3. Nc3 e5 4. g3 g6 5. Bg2 Bg7 6. d3 Nge7 7. O-O O-O 8. Rb1 d6 9. a3 f5 10. Bd2 h6 11. b4 Rb8 12. bxc5 dxc5 13. Qb3 Be6 14. Rfd1 Qd7 15. Qb5 b6 16. Be1 g5 17. e3 g4 18. Nh4 f4 19. exf4 exf4 20. gxf4 Rxf4 21. Ne4 Rbf8 22. Bd2 R4f7 23. Be3 Bf6 24. Nxf6+ Rxf6 25. Qb2 Nf5 26. Nxf5 Rxf5 27. Be4 R5f6 28. d4 Nxd4 29. Rxd4 cxd4 30. Bxd4 Rf4 31. Re1 Bxc4 32. Qc3 Bd5 33. Bxd5+ Qxd5 34. Bh8 R8f7 35. Re8+ Kh7 36. Qc2+ Qf5 37. Qxf5+ R4xf5 38. Bd4 Ra5 39. Rh8+ Kg6 40. Rg8+ Kf5 41. Bb2 Rb5 42. Bd4 Rb3 43. Rh8 Rd7 44. Be3 Rxa3 45. Rxh6 Rxe3 46. fxe3 Ke4 47. Re6+ Kf3 48. Rf6+ Kxe3 49. Rg6 Rd4 50. Re6+ Re4 51. Rc6 b5 52. Ra6 Ra4 53. Rg6 a5 54. Re6+ Re4 55. Rb6 b4 56. Ra6 b3 57. Rxa5 b2 58. Rb5 Kf3 59. Rb3+ Re3 60. h3 Rxb3 61. Kh2 b1=Q 62. hxg4 Rb2+ 63. Kh3 Qh1# 0-1


[Site "https://www.chess.com"]

[Event "Titled Tuesday Blitz January 17 Late 2023"]
[White "Mosquera, Miguel"]
[Black "Saya, Ethan"]
[WhiteFideId "4401131"]
[BlackFideId "26095181"]
[WhiteElo "2371"]
[BlackElo "2181"]
[Result "0-1"]
[Round "09"]
[TimeControl "180+2"]
[Date "2023.01.17"]
[WhiteClock "0:00:11"]
[BlackClock "0:01:23"]

1. d4 Nf6 2. c4 e6 3. g3 d5 4. Bg2 Be7 5. Nf3 O-O 6. O-O dxc4 7. Qc2 a6 8. Qxc4 b5 9. Qc2 Bb7 10. Bg5 Nbd7 11. Nbd2 h6 12. Bxf6 Nxf6 13. e4 Rc8 14. Rfe1 c5 15. Qd3 cxd4 16. Qxd4 Qxd4 17. Nxd4 Rfd8 18. N4b3 Rc2 19. Rac1 Rdxd2 20. Nxd2 Rxd2 21. Rc7 Rd7 22. Rec1 Bd8 23. Rxd7 Nxd7 24. Rd1 Bc8 25. e5 Kf8 26. Rc1 Nb6 27. b3 Ke7 28. Rc6 Bb7 29. Rxb6 Bxg2 30. Rxa6 Bd5 31. Kf1 Bc7 32. Ra7 Kd8 33. f4 Kc8 34. a4 b4 35. Ra6 Bxb3 36. Rc6 Bxa4 37. Rc1 b3 38. Ke2 Kb7 39. Kd3 Ba5 40. Kc4 Kb6 41. Rb1 Bd2 42. Rb2 Bc1 43. Rb1 b2 44. g4 Bc2 45. Rxb2+ Bxb2 46. f5 Bxe5 47. fxe6 fxe6 48. Kb4 Bg6 49. Kc4 Kc6 50. Kb3 Kd6 51. h3 Bh2 52. g5 hxg5 53. Kc4 Bg3 54. Kd4 Bh4 55. Ke3 e5 56. Kf3 Ke6 57. Kg4 Kf6 58. Kf3 Kf5 59. Kg2 e4 60. Kh2 Kf4 61. Kg2 e3 62. Kf1 Kf3 63. Kg1 e2 64. Kh2 Bg3+ 65. Kg1 e1=Q# 0-1


[Site "https://www.chess.com"]

[Event "Titled Tuesday Blitz January 17 Late 2023"]
[White "Radovanovic, Dusan"]
[Black "Vifleemskaia, Svetlana"]
[WhiteFideId "926868"]
[BlackFideId "4129490"]
[WhiteElo "2311"]
[BlackElo "1971"]
[Result "1-0"]
[Round "09"]
[TimeControl "180+2"]
[Date "2023.01.17"]
[WhiteClock "0:00:05"]
[BlackClock "0:00:01"]

1. e4 e5 2. Nf3 Nc6 3. Nc3 Nf6 4. Bb5 Bb4 5. O-O O-O 6. d3 d6 7. Bg5 Bxc3 8. bxc3 Qe7 9. Re1 Nd8 10. d4 Ne6 11. Bd2 c6 12. Bd3 Nc7 13. h3 h6 14. Nh4 Re8 15. Qf3 d5 16. dxe5 Qxe5 17. Bf4 Qe7 18. e5 Ne4 19. Qh5 Ng5 20. Bg3 Ne4 21. Bxe4 dxe4 22. Rxe4 Nd5 23. Rae1 Nxc3 24. Rd4 Nd5 25. c4 Nc7 26. Qf3 Be6 27. Nf5 Bxf5 28. Qxf5 Qe6 29. Qh5 Rad8 30. Rg4 Kh7 31. Bf4 Rd4 32. Re3 Rd1+ 33. Kh2 Red8 34. Reg3 Rg8 35. Rg5 Rdd8 36. Rf5 Rdf8 37. Rf6 Ne8 38. Rxe6 fxe6 39. Qg6+ Kh8 40. Bxh6 1-0


[Site "https://www.chess.com"]

[Event "Titled Tuesday Blitz January 17 Late 2023"]
[White "Gatterer, Florian"]
[Black "Khandelwal, Ankush"]
[WhiteFideId "811688"]
[BlackFideId "413470"]
[WhiteElo "2170"]
[BlackElo "2205"]
[Result "1-0"]
[Round "09"]
[TimeControl "180+2"]
[Date "2023.01.17"]
[WhiteClock "0:01:01"]
[BlackClock "0:00:41"]

1. c4 Nf6 2. Nf3 g6 3. b3 Bg7 4. Bb2 d6 5. d4 c5 6. Nc3 cxd4 7. Nxd4 Nc6 8. g3 O-O 9. Bg2 Bd7 10. O-O Rb8 11. e3 a6 12. h3 Qc7 13. Rc1 Rfc8 14. Nd5 Qd8 15. Nxc6 Bxc6 16. Nxf6+ exf6 17. Qd2 b5 18. Bxc6 Rxc6 19. cxb5 Rxc1 20. Rxc1 axb5 21. Qd5 h5 22. h4 b4 23. Rc6 Bf8 24. Qc4 Be7 25. Rc7 Kf8 26. Bxf6 Bxf6 27. Qxf7# 1-0


[Site "https://www.chess.com"]

[Event "Titled Tuesday Blitz January 17 Late 2023"]
[White "reevecanada"]
[Black "Castellanos Hernandez, Emilio Au"]
[BlackFideId "5114179"]
[WhiteElo "2474"]
[BlackElo "1964"]
[Result "1-0"]
[Round "09"]
[TimeControl "180+2"]
[Date "2023.01.17"]
[WhiteClock "0:01:44"]
[BlackClock "0:00:34"]

1. e4 e6 2. Nf3 d5 3. Nc3 d4 4. Ne2 c5 5. d3 Nc6 6. g3 h5 7. Bg2 h4 8. Nxh4 Rxh4 9. gxh4 Qxh4 10. Ng3 Bd6 11. Qh5 Bxg3 12. hxg3 Qxh5 13. Rxh5 Bd7 14. Rxc5 e5 15. f4 b6 16. Rc4 f6 17. Bd2 Nge7 18. f5 Nc8 19. Ra4 a5 20. b4 N6a7 21. Ra3 Nb5 22. Rb3 a4 23. Rbb1 Na3 24. Rc1 Nd6 25. c4 dxc3 26. Bxc3 Nab5 27. a3 Ke7 28. Bb2 g6 29. g4 Rg8 30. Kf2 g5 31. Rh1 Rg7 32. Rac1 Kd8 33. Rhd1 Re7 34. d4 exd4 35. Bxd4 Nxe4+ 36. Bxe4 Rxe4 37. Bxf6+ Ke8 38. Re1 Rxe1 39. Rxe1+ Kf7 40. Bxg5 Bc6 41. Re7+ Kf8 42. f6 Nxa3 43. Bh6+ Kg8 44. f7+ 1-0


[Site "https://www.chess.com"]

[Event "Titled Tuesday Blitz January 17 Late 2023"]
[White "Slavin, Alexey"]
[Black "Moroni, Luca Jr"]
[WhiteFideId "24104388"]
[BlackFideId "865834"]
[WhiteElo "2364"]
[BlackElo "2535"]
[Result "0-1"]
[Round "09"]
[TimeControl "180+2"]
[Date "2023.01.17"]
[WhiteClock "0:00:14"]
[BlackClock "0:00:11"]

1. e4 g6 2. g3 Bg7 3. Bg2 c5 4. Ne2 Nc6 5. O-O d6 6. Nbc3 e6 7. a3 Nge7 8. Rb1 a5 9. Nb5 O-O 10. d3 b6 11. c4 Ba6 12. a4 Bxb5 13. axb5 Nd4 14. Nxd4 Bxd4 15. Bh6 Bg7 16. Bxg7 Kxg7 17. f4 f5 18. exf5 Nxf5 19. Bxa8 Qxa8 20. Qf3 Qd8 21. Rbe1 Nd4 22. Qe4 h5 23. h3 Rf7 24. Kg2 Qf6 25. Qa8 Nf5 26. Rf2 e5 27. Qe4 g5 28. Ref1 gxf4 29. gxf4 Qg6+ 30. Kh2 Qg3+ 31. Kh1 Qxh3+ 32. Kg1 Ng3 33. Qg2 Qg4 34. fxe5 Nxf1 35. Qxg4+ hxg4 36. exd6 Ne3 37. Re2 Nf5 38. Re6 Rd7 39. Kf2 Kf7 40. Re5 Kf6 41. Rd5 Rxd6 42. Rxd6+ Nxd6 43. Kg3 Kg5 44. b3 Nf5+ 0-1


[Site "https://www.chess.com"]

[Event "Titled Tuesday Blitz January 17 Late 2023"]
[White "Vasques, Antonio Pedro Freixial"]
[Black "Artemenko, Oleg"]
[WhiteFideId "1908332"]
[BlackFideId "14201798"]
[WhiteElo "2214"]
[BlackElo "2246"]
[Result "0-1"]
[Round "09"]
[TimeControl "180+2"]
[Date "2023.01.17"]
[WhiteClock "0:00:21"]
[BlackClock "0:01:29"]

1. e4 c5 2. Nf3 Nc6 3. d4 cxd4 4. Nxd4 e5 5. Nb5 d6 6. N1c3 a6 7. Na3 b5 8. Nd5 Nf6 9. Bg5 Be6 10. c4 b4 11. Nc2 a5 12. b3 Be7 13. Bxf6 Bxf6 14. g3 O-O 15. h4 Rc8 16. Bh3 Be7 17. Kf1 Bxh3+ 18. Rxh3 f5 19. exf5 Rxf5 20. Nde3 Rf8 21. Qd5+ Kh8 22. Kg2 Qd7 23. g4 Nd8 24. Rd1 Ne6 25. Qd2 Nf4+ 26. Kh2 Nxh3 27. Kxh3 Rf3+ 28. Kg2 Rcf8 29. Nf5 R8xf5 30. gxf5 Qxf5 31. Ne3 Qe4 32. Kf1 Bxh4 33. Qxd6 Rxf2+ 34. Kg1 h6 35. Qd2 0-1


[Site "https://www.chess.com"]

[Event "Titled Tuesday Blitz January 17 Late 2023"]
[White "Rian, Kapriaga"]
[Black "Kochetov, Andrey"]
[WhiteFideId "7103263"]
[BlackFideId "24130532"]
[WhiteElo "2089"]
[BlackElo "2165"]
[Result "0-1"]
[Round "09"]
[TimeControl "180+2"]
[Date "2023.01.17"]
[WhiteClock "0:00:02"]
[BlackClock "0:00:06"]

1. d4 Nf6 2. Nf3 e6 3. Bf4 c5 4. e3 d5 5. Nbd2 Bd6 6. dxc5 Bxc5 7. a3 O-O 8. c4 a5 9. Be2 Nc6 10. O-O Bd6 11. cxd5 Nxd5 12. Bxd6 Qxd6 13. Rc1 Ne5 14. Ne4 Qb8 15. Bb5 Rd8 16. Qe2 Bd7 17. Nd4 Bxb5 18. Nxb5 Ra6 19. h3 Rc6 20. Nd4 Rc7 21. Rc2 Rdc8 22. Rfc1 h6 23. Nb5 Rxc2 24. Rxc2 Rd8 25. Nd4 Ne7 26. Rc1 Nf5 27. Nxf5 exf5 28. Ng3 g6 29. Qb5 b6 30. Ne2 Rd2 31. Nf4 Nd7 32. h4 h5 33. b4 axb4 34. axb4 Qe5 35. Qxe5 Nxe5 36. Rc6 Nxc6 37. b5 Na7 38. g4 fxg4 39. Kg2 Nxb5 40. Kg3 Nd6 41. f3 Nf5# 0-1


[Site "https://www.chess.com"]

[Event "Titled Tuesday Blitz January 17 Late 2023"]
[White "Gerbelli Neto, Eduardo"]
[Black "Defend, Balint"]
[WhiteFideId "2103281"]
[BlackFideId "17004853"]
[WhiteElo "2114"]
[BlackElo "1673"]
[Result "1-0"]
[Round "09"]
[TimeControl "180+2"]
[Date "2023.01.17"]
[WhiteClock "0:00:13"]
[BlackClock "0:00:10"]

1. e4 c5 2. Nc3 d6 3. f4 Nf6 4. Nf3 g6 5. Bb5+ Nbd7 6. Bc4 Bg7 7. e5 dxe5 8. fxe5 Ng4 9. e6 fxe6 10. Ng5 Nde5 11. Nxe6 Bxe6 12. Bxe6 Qd4 13. Qe2 a6 14. h3 Nf6 15. d3 Qh4+ 16. Qf2 Qxf2+ 17. Kxf2 Rf8 18. Re1 Ne4+ 19. Kg1 Nxc3 20. bxc3 Kd8 21. Be3 b6 22. d4 cxd4 23. Bxd4 Kc7 24. Bxe5+ Bxe5 25. Rxe5 Rad8 26. Rd5 Rxd5 27. Bxd5 Kd6 28. Be4 Rc8 29. Rd1+ Ke5 30. Bd3 b5 31. Re1+ Kd6 32. Re4 Rxc3 33. a4 a5 34. axb5 Ra3 35. Rc4 Ra1+ 36. Kf2 a4 37. b6 a3 38. b7 Rb1 39. Ra4 Rxb7 40. Rxa3 Kc5 41. Ke3 e6 42. Ra6 Re7 43. Ke4 e5 44. Ra5+ Kb4 45. Rxe5 Rd7 46. g4 Kc3 47. Rc5+ Kb4 48. Rd5 Re7+ 49. Kf4 Kc3 50. Kg5 Re6 51. h4 h5 52. gxh5 gxh5 53. Kxh5 Re3 54. Kg5 Rg3+ 55. Kh6 Kd2 56. h5 Kc3 57. Rg5 Re3 58. Kg7 Re7+ 59. Kf6 Re8 60. h6 Rf8+ 61. Ke7 Ra8 62. h7 Ra7+ 63. Ke6 Rxh7 64. Bxh7 Kd2 65. c4 1-0


[Site "https://www.chess.com"]